 Dungeon Crawl Stone Soup version 0.29-a0-973-gac7da5f7f0 (webtiles) character file.

Game seed: 4262808120718200551

22077 concernfroge the Spear-Bearer (level 12, -4/97 HPs)
             Began as a Mummy Monk on July 31, 2022.
             Was a Priest of Cheibriados.
             Slain by a cane toad (12 damage)
             ... on level 5 of the Lair of Beasts.
             The game lasted 00:40:06 (17370 turns).

concernfroge the Spear-Bearer (Mummy Monk)         Turns: 17370, Time: 00:40:07

Health: -4/97      AC: 13    Str: 32    XL:     12   Next: 59%
Magic:  8/19       EV:  9    Int: 17    God:    Cheibriados [***...]
Gold:   767        SH:  0    Dex: 21    Spells: 11/11 levels left

rFire   . . .      SeeInvis .   a - +8 trident of the Octopus King {venom, rElec rPois}
rCold   + . .      Faith    .   (no shield)
rNeg    + + +      Spirit   .   s - +0 plate armour {rF+}
rPois   ∞          Reflect  .   A - +1 hat
rElec   +          Harm     .   l - scarf {shadows}
rCorr   .          Rampage  .   n - +1 pair of gloves
Will    +....                   (no boots)
Stlth   ..........              (no amulet)
HPRegen 0.26/turn               i - +6 ring of strength
MPRegen 0.16/turn               y - +4 ring of slaying

@: about to teleport, very slow
A: cold resistance 1, negative energy resistance 3, torment resistance 2, heat
vulnerability 1, in touch with death 1, no potions
a: Renounce Religion, Bend Time, Temporal Distortion


You were on level 5 of the Lair of Beasts.
You worshipped Cheibriados.
Cheibriados was most pleased with you.
You visited 3 branches of the dungeon, and saw 15 of its levels.

You collected 850 gold pieces.
You spent 83 gold pieces at shops.

Inventory:

Hand Weapons
 a - the +8 trident of the Octopus King (weapon) {venom, rElec rPois}
   (You found it on level 2 of the Dungeon)

   It poisons the flesh of those it strikes.
   rElec:     It insulates you from electricity.
   rPois:     It protects you from poison.
 b - a +3 glaive of flaming
 d - a +0 vampiric bardiche
Missiles
 g - 29 poisoned darts
 t - 2 javelins
 x - 4 atropa-tipped darts (quivered)
 C - 6 curare-tipped darts
Armour
 l - a scarf of shadows (worn)
 n - a +1 pair of gloves (worn)
 s - a +0 plate armour of fire resistance (worn)
 v - a +0 troll leather armour
 A - a +1 hat (worn)
Jewellery
 i - a +6 ring of strength (left hand)
 y - a +4 ring of slaying (right hand)
Wands
 m - a wand of roots (9)
 u - a wand of flame (40)
 z - a wand of mindburst (18)
 B - a wand of polymorph (9)
 E - a wand of digging (6)
Scrolls
 c - 2 scrolls of butterflies
 e - 3 scrolls of poison
 f - 6 scrolls of teleportation
 h - 4 scrolls of immolation
 o - 2 scrolls of magic mapping
 p - 4 scrolls of noise
 q - 9 scrolls of identify
 w - 2 scrolls of acquirement
 D - 2 scrolls of amnesia
 F - a scroll of vulnerability


   Skills:
 - Level 10.0 Fighting
 + Level 13.5 Polearms
 - Level 2.4 Dodging
 - Level 1.5 Stealth
 - Level 10.0 Invocations


You had 11 spell levels left.
You didn't know any spells.
Your spell library contained the following spells:

 Spells                   Type           Power      Damage    Failure   Level
 Magic Dart               Conj           0%         1d3       95%         1
 Call Imp                 Summ           0%         N/A       98%         2
 Ignite Poison            Fire/Tmut/Pois 0%         N/A       100%        3
 Mephitic Cloud           Conj/Pois/Air  0%         N/A       100%        3
 Summon Guardian Golem    Hex/Summ       0%         N/A       100%        3
 Animate Dead             Necr           0%         N/A       100%        4
 Freezing Cloud           Conj/Ice/Air   0%         6-21      100%        5
 Eringya's Noxious Bog    Tmut/Pois      0%         N/A       100%        6
 Haunt                    Necr/Summ      0%         N/A       100%        7
 Malign Gateway           Summ/Tloc      0%         N/A       100%        7
 Infestation              Necr           0%         N/A       100%        8
 Summon Horrible Things   Summ           0%         N/A       100%        8


Dungeon Overview and Level Annotations

Branches:
Dungeon (9/15)             Temple (1/1) D:4            Lair (5/5) D:9
 Shoals (0/4) Lair:2       Spider (0/4) Lair:3        Slime (0/5) Lair:4
    Orc (0/2) D:9

Altars:
Ashenzari
Cheibriados
Dithmenos
Fedhas
Gozag
Hepliaklqana
Kikubaaqudgha
Makhleb
Nemelex Xobeh
Okawaru
Qazlal
Ru
Sif Muna
Trog
Uskayaw
Vehumet
Wu Jian
Xom
Yredelemnul

Shops:
D:2 ?   D:9 *

Annotations:
Lair:4 1 runed translucent door


Innate Abilities, Weirdness & Mutations

You are immune to poison.
Your flesh is cold resistant. (rC+)
You are immune to negative energy. (rN+++)
You are immune to unholy pain and torment.
You are vulnerable to heat. (rF-)
You are in touch with the powers of death.
You do not drink.


Message History

A blink frog comes into view.
The hornet stings you.
Okay, then.
As you read the scroll of teleportation, it crumbles to dust.
You feel strangely unstable.
The blink frog croaks.
A wind drake comes into view.
The hell rat is engulfed in poison gas.
The hell rat is poisoned.
The hell rat is engulfed in poison gas.
The hell rat is poisoned.
The hell rat bites you!
The hornet is engulfed in poison gas.
The hornet looks even sicker.
The hornet stings you!
* * * LOW HITPOINT WARNING * * *
The hornet is engulfed in poison gas.
The hornet is poisoned.
The cane toad barely misses you. The hell rat closely misses you.
Aiming: Mindburst
Press: ? - help, Shift-Dir - straight line, f - hell rat
Aim: a hell rat (slow, chance to affect: 64%)
The hell rat's mind is blasted!
The wind drake hisses angrily.
The wind drake is engulfed in poison gas.
The wind drake is poisoned.
The hell rat is engulfed in poison gas.
The hell rat looks even sicker.
The hornet stings you!
* * * LOW HITPOINT WARNING * * *
The hell rat bites you.
* * * LOW HITPOINT WARNING * * *
The hornet is engulfed in poison gas.
The hornet looks even sicker.
The wind drake looks even sicker.
The hell rat is engulfed in poison gas.
The hell rat looks even sicker.
You kill the hell rat!
Cheibriados appreciates the change of pace.
The hornet stings you.
* * * LOW HITPOINT WARNING * * *
Cheibriados thoroughly appreciates the change of pace.
You feel a bit more experienced.
You warp the flow of time around you!
You warp the flow of time around you!
The hornet buzzes angrily.
The hell rat roars deafeningly! x2
You hear a roar!
You hear a trumpeting!
You hear an angry growl.
You hear an angry hiss.
The cane toad stings you!
You die...

.... .. ....#
#..
#...####....
.#..r...#y...
.........y<.#
......F.rr...
#@.# ###.# #


You could see a cane toad, 2 hornets and 3 hell rats.

Vanquished Creatures
  Gastronok (D:8)
  A boulder beetle (Lair:1)
  A hydra (Lair:3)
  A catoblepas (Lair:2)
  A two-headed ogre (D:8)
  Pikel (D:7)
  A lindwurm (Lair:4)
  Maurice (D:8)
  6 elephants
  2 black mambas
  Joseph (D:7)
  2 cane toads (Lair:1)
  A torpor snail (Lair:2)
  Psyche (D:8)
  4 komodo dragons
  A troll (D:8)
  A polar bear (Lair:2)
  3 hornets
  3 blink frogs (Lair:4)
  2 jumping spiders (Lair:2)
  A shadow (D:9)
  28 yaks
  5 wyverns
  A steam dragon (D:8)
  8 water moccasins
  An ice beast (shapeshifter) (D:8)
  An orc warrior (D:8)
  4 sky beasts
  An ogre (D:5)
  3 wolves (Lair:3)
  7 centaurs
  3 kobold brigands
  12 bullfrogs
  A necrophage (D:8)
  2 gnoll sergeants
  3 scorpions
  A wight (D:8)
  11 killer bees
  An electric eel (D:8)
  A howler monkey (D:5)
  2 quasits (D:8)
  5 orc priests
  Crazy Yiuf (D:2)
  3 hounds (D:5)
  5 jellies
  6 iguanas
  10 orc wizards
  4 hell rats
  14 gnolls
  11 adders
  2 shadow imps (D:8)
  4 white imps
  5 ufetubi (D:8)
  A worm (D:4)
  A dart slug (D:2)
  24 orcs
  4 endoplasms
  A giant cockroach (D:3)
  4 goblins
  4 hobgoblins
  4 jackals
  14 kobolds
  A quokka (D:3)
  2 ball pythons
  2 bats
  5 frilled lizards
  2 rats (D:1)
271 creatures vanquished.

Vanquished Creatures (others)
  13 fungi
  28 plants
41 creatures vanquished.

Grand Total: 312 creatures vanquished

Notes
Turn   | Place    | Note
-------+----------+-------------------------------------------
     0 | D:1      | concernfroge the Mummy Monk began the quest for the Orb.
     0 | D:1      | Reached XP level 1. HP: 18/18 MP: 1/1
   458 | D:1      | Reached XP level 2. HP: 23/24 MP: 2/2
   597 | D:1      | You fall into a shaft and drop 1 floor!
   630 | D:2      | Found a snail-covered altar of Cheibriados.
   674 | D:2      | Found a runed translucent door.
   675 | D:2      | Noticed Crazy Yiuf
   734 | D:2      | Became a worshipper of Cheibriados the Contemplative
   734 | D:2      | Reached * piety under Cheibriados
   734 | D:2      | Reached ** piety under Cheibriados
   761 | D:2      | Found the +8 trident of the Octopus King {venom, rElec
                  | rPois}
   877 | D:2      | Found Sout's Magic Scroll Boutique.
   890 | D:2      | Bought a scroll of identify for 22 gold pieces
  1394 | D:2      | Gained mutation: You are in touch with the powers of death.
                  | [Mummy growth]
  1394 | D:2      | Reached XP level 3. HP: 31/31 MP: 3/3
  1576 | D:2      | Killed Crazy Yiuf
  1577 | D:2      | Reached skill level 5 in Fighting
  1577 | D:2      | Reached XP level 4. HP: 5/39 MP: 4/4
  2277 | D:3      | Reached *** piety under Cheibriados
  2293 | D:3      | Reached XP level 5. HP: 46/46 MP: 5/5
  2615 | D:3      | Found a faded altar of an unknown god.
  3099 | D:4      | Reached XP level 6. HP: 53/53 MP: 6/6
  3185 | D:4      | Found a staircase to the Ecumenical Temple.
  3193 | Temple   | Entered the Ecumenical Temple
  3450 | D:4      | Reached skill level 1 in Invocations
  3976 | D:5      | Entered Level 5 of the Dungeon
  4157 | D:5      | Reached XP level 7. HP: 60/60 MP: 7/9
  4982 | D:5      | Found an ornate altar of the Wu Jian Council.
  5013 | D:5      | Reached **** piety under Cheibriados
  5358 | D:6      | Reached XP level 8. HP: 64/69 MP: 9/11
  6693 | D:7      | Reached skill level 10 in Fighting
  6799 | D:7      | Reached skill level 3 in Polearms
  7011 | D:7      | Noticed Pikel
  7017 | D:7      | Killed Pikel
  7018 | D:7      | Reached skill level 5 in Polearms
  7018 | D:7      | Reached XP level 9. HP: 67/78 MP: 12/12
  7124 | D:7      | Noticed Joseph
  7130 | D:7      | Killed Joseph
  7130 | D:7      | Reached ***** piety under Cheibriados
  7131 | D:7      | Reached skill level 6 in Polearms
  7288 | D:7      | Got Qaiqu's Enchiridion on Mercurial Hexes
  7505 | D:7      | Found the amulet of Elemental Vulnerability {rPois rF--
                  | rC-- AC+8}
  7527 | D:7      | Identified a scroll of acquirement
  7687 | D:7      | Acquired a +3 glaive of flaming
  7728 | D:8      | Noticed Maurice
  7735 | D:8      | Killed Maurice
  7736 | D:8      | Reached skill level 7 in Polearms
  7838 | D:8      | Noticed a troll
  7841 | D:8      | Killed a troll
  7842 | D:8      | Reached skill level 8 in Polearms
  8129 | D:8      | Reached XP level 10. HP: 74/85 MP: 7/13
  8275 | D:8      | Identified the +7 short sword of Chance {holy, rPois Int+6}
  8332 | D:8      | Noticed Psyche
  8339 | D:8      | Killed Psyche
  8340 | D:8      | Reached skill level 9 in Polearms
  8340 | D:8      | Reached skill level 5 in Invocations
  8530 | D:8      | Noticed Gastronok
  8540 | D:8      | Killed Gastronok
  9008 | D:8      | Noticed a two-headed ogre
  9014 | D:8      | Killed a two-headed ogre
  9276 | D:9      | Reached skill level 10 in Polearms
  9478 | D:9      | Reached XP level 11. HP: 62/90 MP: 16/16
  9644 | D:9      | Found a staircase to the Orcish Mines.
 10177 | D:9      | Found a staircase to the Lair.
 10386 | D:9      | Found Ittimui's Changing Room.
 10421 | D:9      | Bought a wand of polymorph (4) for 61 gold pieces
 10830 | Lair:1   | Entered Level 1 of the Lair of Beasts
 11713 | Lair:1   | Reached skill level 11 in Polearms
 12220 | Lair:2   | Noticed a death yak
 12222 | Lair:2   | Noticed a boulder beetle
 12535 | Lair:2   | Noticed a catoblepas
 12554 | Lair:1   | Killed a boulder beetle
 13001 | Lair:2   | Found a staircase to the Shoals.
 13486 | Lair:2   | Killed a catoblepas
 14265 | Lair:2   | Reached XP level 12. HP: 97/97 MP: 19/19
 14374 | Lair:2   | Reached skill level 10 in Invocations
 14472 | Lair:3   | Noticed a seven-headed hydra
 14481 | Lair:3   | Killed a four-headed hydra
 14482 | Lair:3   | Reached skill level 12 in Polearms
 15267 | Lair:3   | Found a hole to the Spider Nest.
 15882 | Lair:3   | Reached skill level 13 in Polearms
 16004 | Lair:4   | Found a runed translucent door.
 16008 | Lair:4   | Noticed an acid blob
 16754 | Lair:4   | Found a staircase to the Slime Pits.
 16944 | Lair:5   | Entered Level 5 of the Lair of Beasts
 17370 | Lair:5   | Slain by a cane toad

Illustrated notes

Levels and vault maps discovered:
D:1:      dpeg_arrival_lava_temple_mockup, layout_basic, nicolae_titane
D:2:      layout_loops_ring, serial_shops, shop_statue, basic_altar,
          uniq_crazy_yiuf_cottage
D:3:      layout_rooms, hellmonk_ecumenical_altar_heavens_door
D:4:      layout_basic, minmay_temple_entry_antechambers, enter_ossuary_1
D:5:      layout_loops_ring, kennysheep_little_box
D:6:      layout_cave_pods
D:7:      layout_gridville, uniq_joseph, uniq_pikel
D:8:      wad_statue_garden, layout_loops_cross, serial_demonic,
          serial_demonic_f, serial_demonic_e, serial_demonic_f,
          serial_demonic_e, serial_demonic_a, uniq_gastronok, uniq_maggie,
          uniq_psyche, uniq_maurice
D:9:      layout_layer_cave, david_lair_shrubbed, orc_0_dummy,
          nicolae_transmutations_shop
Temple:   nicolae_temple_bog_church
Lair:1:   layout_regular_city
Lair:2:   layout_chaotic_city, minmay_shoals_entry_centaurs,
          nzn_sisyphean_effort, infiniplex_staircase_pool
Lair:3:   layout_concentric_octagons, spider_nest_entry_a
Lair:4:   layout_roguey, slime_entry_2, grunt_megastairs_5
Lair:5:   gammafunk_lair_ancient_temple, layout_concentric_octagons

Skill      XL: |  1  2  3  4  5  6  7  8  9 10 11 12 |
---------------+-------------------------------------+-----
Fighting       | 4 5 6 7 8 10 | 10.0
Invocations    | 2 4 7 9 10 | 10.0
Polearms       | 5 8 10 11 13 | 13.5
Dodging        | |  2.4
Stealth        | |  1.5

Action                   |  1- 3 |  4- 6 |  7- 9 | 10-12 || total
-------------------------+-------+-------+-------+-------++-------
Melee: Spear             |    81 |       |       |       ||    81
       Trident           |       |    85 |   202 |   383 ||   670
       Punch             |       |     1 |       |     7 ||     8
       Glaive            |       |       |       |    23 ||    23
Throw: Dart              |     3 |     1 |       |    10 ||    14
Invok: Bend Time         |       |       |     1 |    13 ||    14
       Slouch            |       |       |     1 |     8 ||     9
       Temporal Distorti |       |       |       |     5 ||     5
Evoke: Wand              |       |       |     3 |     9 ||    12
  Use: Scroll            |     3 |     2 |     6 |    14 ||    25
 Stab: Sleeping          |     1 |     4 |       |       ||     5
       Petrified         |       |       |       |     4 ||     4
Armor: Ring mail         |    23 |    17 |       |       ||    40
       Scale mail        |       |     7 |    43 |       ||    50
       Plate armour      |       |       |    20 |   171 ||   191
Dodge: Dodged            |    34 |    47 |   119 |   171 ||   371

Table legend: (Time is in decaauts)
 A = Elapsed time spent in this place.
 B = Non-inter-level travel time spent in this place.
 C = Inter-level travel time spent in this place.
 D = Time resting spent in this place.
 E = Time spent auto-exploring this place.
 F = Levels seen in this place.
 G = Mean time per level.
                   A        B        C        D        E       F      G
               +--------+--------+--------+--------+--------+-----+--------+
         Total |  23259 |  22184 |   1075 |   1888 |  18207 |  15 | 1550.6 |
       Dungeon |  14828 |  14078 |    750 |     56 |  12581 |   9 | 1647.6 |
        Temple |    336 |    298 |     38 |      0 |    265 |   1 |  336.0 |
          Lair |   8094 |   7808 |    286 |   1832 |   5360 |   5 | 1618.8 |
               +--------+--------+--------+--------+--------+-----+--------+

Top non-repeatable levels by time:
     D:9: 2532 daAuts
  Lair:1: 2523 daAuts
     D:8: 2106 daAuts
  Lair:2: 1966 daAuts
  Lair:3: 1874 daAuts
     D:5: 1802 daAuts
     D:7: 1760 daAuts
  Lair:4: 1719 daAuts
     D:2: 1705 daAuts
     D:4: 1598 daAuts
     D:6: 1590 daAuts
     D:3: 1136 daAuts
     D:1: 596 daAuts
  Temple: 336 daAuts
  Lair:5: 10 daAuts
